[ PARTIDA AOE2 · #513582680 ]
UnrankedGodos vs Huns
Equipo del jugador · VICT
Equipo rival · DERR
[ ANÁLISIS DE REPETICIÓN · EXTRAÍDO DE LA PARTIDA GRABADA ]
Feudal
11:12
Castillos
26:12
Imperial
—
| APM promedio | 48.5 |
| APM pico | 67 |
| eAPM promedio | 18.8 |
| Aldeanos / militares | 41 / 51 |
Foco
⚔️ 26.7% · 🌾 73.3%
Archer ×26 · Skirmisher ×12 · Militia ×8 · Spearman ×5
Feudal
11:27
Castillos
—
Imperial
—
| APM promedio | 48.1 |
| APM pico | 101 |
| eAPM promedio | 19.5 |
| Aldeanos / militares | 53 / 40 |
Foco
⚔️ 28.8% · 🌾 71.2%
Archer ×27 · Skirmisher ×7 · Scout Cavalry ×6
Mapa de la partida
Recursos iniciales + cada clic de construcción. Líneas = muros · curvas = relieve. ◆ oro · ⬟ piedra · ● bayas · ✦ reliquia · ◌ hueco del cierre
Tu base· Abierta — flanco sin cerrar
Base de OldSlaughter· Abierta — flanco sin cerrar
Terreno inicial suavizado · ◌ = hueco del cierre detectado · pasá el cursor para detalles
Inputs por minuto
— Istoleyourratings - - OldSlaughter
Build order — Istoleyourratings
Primeras 150 de 152 acciones detectadas
| 0:00 | Encolar | Villager (Male) |
| 0:00 | Encolar | Villager (Male) |
| 0:01 | Encolar | Villager (Male) |
| 0:01 | Encolar | Villager (Male) |
| 0:03 | Construir | House |
| 0:04 | Construir | House |
| 1:27 | Encolar | Villager (Male) |
| 1:28 | Encolar | Villager (Male) |
| 1:57 | Encolar | Villager (Male) |
| 2:26 | Encolar | Villager (Male) |
| 2:27 | Encolar | Villager (Male) |
| 2:54 | Encolar | Villager (Male) |
| 2:54 | Encolar | Villager (Male) |
| 2:55 | Encolar | Villager (Male) |
| 3:21 | Construir | Barracks |
| 3:40 | Encolar | Villager (Male) |
| 3:40 | Encolar | Villager (Male) |
| 3:40 | Encolar | Villager (Male) |
| 4:06 | Construir | House |
| 4:19 | Encolar | Militia |
| 4:29 | Encolar | Militia |
| 5:11 | Encolar | Villager (Male) |
| 5:11 | Encolar | Villager (Male) |
| 5:16 | Encolar | Militia |
| 5:20 | Construir | House |
| 5:50 | Encolar | Villager (Male) |
| 6:02 | Encolar | Militia |
| 6:08 | Encolar | Villager (Male) |
| 6:34 | Construir | Mill |
| 6:50 | Encolar | Villager (Male) |
| 7:17 | Encolar | Villager (Male) |
| 7:30 | Construir | Lumber Camp |
| 7:34 | Construir | House |
| 8:23 | Encolar | Villager (Male) |
| 9:02 | Investigar | Feudal Age |
| 9:02 | Investigar | Feudal Age |
| 9:06 | Construir | Mining Camp |
| 9:26 | Encolar | Militia |
| 9:26 | Encolar | Militia |
| 9:56 | Construir | Mill |
| 10:22 | Encolar | Militia |
| 10:55 | Investigar | Loom |
| 11:12 | Edad | Edad Feudal |
| 11:13 | Encolar | Villager (Male) |
| 11:18 | Investigar | Man-at-Arms (upgrade) |
| 11:18 | Investigar | Man-at-Arms (upgrade) |
| 11:27 | Construir | Archery Range |
| 11:37 | Encolar | Militia |
| 11:40 | Encolar | Villager (Male) |
| 11:50 | Construir | Farm |
| 12:09 | Encolar | Villager (Male) |
| 12:13 | Encolar | Archer |
| 12:16 | Encolar | Archer |
| 12:39 | Construir | House |
| 12:42 | Encolar | Villager (Male) |
| 12:53 | Encolar | Skirmisher |
| 13:00 | Construir | House |
| 13:14 | Construir | Lumber Camp |
| 13:26 | Encolar | Archer |
| 13:30 | Encolar | Villager (Male) |
| 13:39 | Construir | House |
| 13:46 | Encolar | Skirmisher |
| 13:57 | Encolar | Villager (Male) |
| 14:08 | Encolar | Skirmisher |
| 14:23 | Construir | Blacksmith |
| 14:31 | Encolar | Villager (Male) |
| 14:51 | Construir | Farm |
| 14:56 | Encolar | Skirmisher |
| 15:28 | Encolar | Archer |
| 15:31 | Construir | Archery Range |
| 15:44 | Investigar | Fletching |
| 15:57 | Construir | Farm |
| 16:04 | Construir | Farm |
| 16:13 | Encolar | Archer |
| 16:13 | Encolar | Archer |
| 16:26 | Encolar | Archer |
| 16:26 | Encolar | Archer |
| 16:31 | Encolar | Archer |
| 16:31 | Encolar | Archer |
| 16:42 | Construir | House |
| 16:48 | Encolar | Villager (Male) |
| 16:51 | Construir | Farm |
| 17:18 | Encolar | Villager (Male) |
| 17:20 | Encolar | Villager (Male) |
| 17:21 | Construir | Farm |
| 17:45 | Encolar | Archer |
| 17:49 | Encolar | Villager (Male) |
| 18:00 | Investigar | Padded Archer Armor |
| 18:00 | Investigar | Padded Archer Armor |
| 18:08 | Construir | Farm |
| 18:14 | Construir | Farm |
| 18:19 | Encolar | Archer |
| 18:21 | Encolar | Archer |
| 18:24 | Construir | House |
| 18:34 | Encolar | Skirmisher |
| 18:36 | Encolar | Villager (Male) |
| 18:39 | Encolar | Villager (Male) |
| 18:58 | Encolar | Skirmisher |
| 19:02 | Construir | Farm |
| 19:06 | Encolar | Skirmisher |
| 19:10 | Construir | Farm |
| 19:13 | Investigar | Horse Collar |
| 19:14 | Investigar | Horse Collar |
| 19:34 | Encolar | Villager (Male) |
| 19:39 | Construir | Farm |
| 19:49 | Encolar | Skirmisher |
| 19:51 | Construir | House |
| 20:15 | Encolar | Skirmisher |
| 20:48 | Encolar | Archer |
| 20:48 | Encolar | Skirmisher |
| 20:49 | Encolar | Skirmisher |
| 20:49 | Encolar | Archer |
| 20:50 | Encolar | Villager (Male) |
| 21:00 | Encolar | Archer |
| 21:00 | Encolar | Archer |
| 21:18 | Encolar | Archer |
| 21:18 | Encolar | Archer |
| 21:19 | Encolar | Villager (Male) |
| 21:25 | Construir | Farm |
| 21:28 | Construir | Farm |
| 21:29 | Construir | Farm |
| 21:30 | Construir | Farm |
| 21:37 | Encolar | Archer |
| 21:46 | Encolar | Villager (Male) |
| 21:50 | Construir | Farm |
| 21:58 | Encolar | Archer |
| 22:10 | Encolar | Archer |
| 22:29 | Encolar | Villager (Male) |
| 22:32 | Construir | House |
| 22:57 | Construir | Market |
| 23:14 | Encolar | Archer |
| 23:14 | Encolar | Skirmisher |
| 23:26 | Encolar | Villager (Male) |
| 23:32 | Investigar | Castle Age |
| 23:32 | Investigar | Castle Age |
| 23:32 | Investigar | Castle Age |
| 23:44 | Encolar | Spearman |
| 23:44 | Encolar | Spearman |
| 23:44 | Encolar | Spearman |
| 23:57 | Encolar | Archer |
| 24:30 | Encolar | Spearman |
| 24:52 | Construir | House |
| 24:55 | Construir | Palisade Wall |
| 24:57 | Construir | Palisade Wall |
| 24:59 | Construir | Farm |
| 25:01 | Construir | Farm |
| 25:05 | Construir | House |
| 25:09 | Construir | Palisade Wall |
| 25:12 | Encolar | Archer |
| 25:14 | Encolar | Spearman |
Build order — OldSlaughter
147 acciones detectadas en el replay
| 0:00 | Encolar | Villager (Male) |
| 0:00 | Encolar | Villager (Male) |
| 0:01 | Encolar | Villager (Male) |
| 0:24 | Encolar | Villager (Male) |
| 1:13 | Encolar | Villager (Male) |
| 1:48 | Encolar | Villager (Male) |
| 1:56 | Construir | Lumber Camp |
| 2:06 | Encolar | Villager (Male) |
| 2:49 | Encolar | Villager (Male) |
| 3:02 | Encolar | Villager (Male) |
| 3:36 | Encolar | Villager (Male) |
| 3:55 | Encolar | Villager (Male) |
| 4:26 | Encolar | Villager (Male) |
| 4:26 | Encolar | Villager (Male) |
| 4:29 | Construir | Mill |
| 5:14 | Encolar | Villager (Male) |
| 5:27 | Encolar | Villager (Male) |
| 5:43 | Investigar | Loom |
| 6:16 | Construir | Palisade Wall |
| 6:30 | Encolar | Villager (Male) |
| 6:54 | Encolar | Villager (Male) |
| 7:08 | Encolar | Villager (Male) |
| 7:29 | Encolar | Villager (Male) |
| 7:55 | Encolar | Villager (Male) |
| 8:42 | Encolar | Villager (Male) |
| 8:44 | Encolar | Villager (Male) |
| 8:50 | Construir | Mill |
| 9:17 | Investigar | Feudal Age |
| 9:56 | Construir | Barracks |
| 10:12 | Encolar | Villager (Male) |
| 10:24 | Construir | Mining Camp |
| 11:27 | Edad | Edad Feudal |
| 11:34 | Construir | Archery Range |
| 11:44 | Construir | Archery Range |
| 11:50 | Encolar | Villager (Male) |
| 11:52 | Construir | Palisade Wall |
| 12:02 | Encolar | Villager (Male) |
| 12:12 | Investigar | Town Watch |
| 12:18 | Investigar | Double-Bit Axe |
| 12:32 | Construir | Farm |
| 12:34 | Encolar | Archer |
| 12:36 | Encolar | Archer |
| 12:42 | Encolar | Villager (Male) |
| 12:52 | Construir | Palisade Wall |
| 12:53 | Construir | Palisade Wall |
| 12:53 | Construir | Palisade Wall |
| 12:55 | Construir | Palisade Wall |
| 13:05 | Encolar | Villager (Male) |
| 13:29 | Encolar | Archer |
| 13:37 | Encolar | Villager (Male) |
| 13:42 | Construir | Blacksmith |
| 13:44 | Construir | Farm |
| 13:51 | Encolar | Archer |
| 14:04 | Encolar | Villager (Male) |
| 14:10 | Construir | Farm |
| 14:20 | Investigar | Fletching |
| 14:27 | Construir | Outpost |
| 14:28 | Encolar | Villager (Male) |
| 14:35 | Construir | Farm |
| 14:53 | Encolar | Archer |
| 14:53 | Encolar | Archer |
| 15:15 | Encolar | Villager (Male) |
| 15:26 | Encolar | Skirmisher |
| 15:35 | Construir | Farm |
| 15:42 | Encolar | Archer |
| 15:45 | Encolar | Villager (Male) |
| 15:52 | Construir | Farm |
| 15:59 | Encolar | Archer |
| 15:59 | Encolar | Archer |
| 16:18 | Encolar | Villager (Male) |
| 16:22 | Encolar | Skirmisher |
| 16:35 | Encolar | Villager (Male) |
| 16:37 | Encolar | Archer |
| 16:37 | Encolar | Archer |
| 16:48 | Encolar | Villager (Male) |
| 16:50 | Construir | Farm |
| 16:57 | Encolar | Skirmisher |
| 16:59 | Construir | Farm |
| 17:00 | Construir | Farm |
| 17:26 | Encolar | Villager (Male) |
| 17:32 | Encolar | Archer |
| 17:33 | Encolar | Archer |
| 17:33 | Encolar | Archer |
| 17:34 | Encolar | Villager (Male) |
| 17:46 | Encolar | Villager (Male) |
| 17:53 | Encolar | Villager (Male) |
| 17:58 | Encolar | Villager (Male) |
| 18:00 | Encolar | Archer |
| 18:00 | Encolar | Archer |
| 18:04 | Construir | Farm |
| 18:06 | Construir | Farm |
| 18:13 | Construir | Farm |
| 18:20 | Encolar | Skirmisher |
| 18:22 | Encolar | Archer |
| 18:39 | Construir | Farm |
| 18:41 | Construir | Farm |
| 18:51 | Encolar | Archer |
| 18:52 | Encolar | Archer |
| 18:59 | Investigar | Padded Archer Armor |
| 19:05 | Encolar | Archer |
| 19:15 | Encolar | Villager (Male) |
| 19:18 | Encolar | Skirmisher |
| 19:27 | Encolar | Archer |
| 19:48 | Encolar | Archer |
| 20:21 | Encolar | Villager (Male) |
| 20:23 | Encolar | Villager (Male) |
| 20:31 | Encolar | Villager (Male) |
| 20:39 | Encolar | Skirmisher |
| 20:40 | Encolar | Skirmisher |
| 20:40 | Encolar | Villager (Male) |
| 20:43 | Encolar | Villager (Male) |
| 20:50 | Encolar | Villager (Male) |
| 20:52 | Encolar | Villager (Male) |
| 20:58 | Construir | Stable |
| 21:12 | Construir | Watch Tower |
| 21:22 | Encolar | Scout Cavalry |
| 21:22 | Encolar | Scout Cavalry |
| 21:26 | Construir | Farm |
| 21:42 | Construir | Watch Tower |
| 21:51 | Encolar | Scout Cavalry |
| 21:54 | Investigar | Scale Barding Armor |
| 22:28 | Encolar | Archer |
| 22:36 | Investigar | Wheelbarrow |
| 22:55 | Encolar | Scout Cavalry |
| 23:03 | Investigar | Forging |
| 23:04 | Encolar | Villager (Male) |
| 23:12 | Construir | Farm |
| 23:34 | Encolar | Scout Cavalry |
| 23:37 | Encolar | Villager (Male) |
| 23:46 | Construir | Farm |
| 23:46 | Construir | Farm |
| 23:47 | Construir | Farm |
| 23:48 | Construir | Farm |
| 23:57 | Encolar | Archer |
| 23:58 | Encolar | Villager (Male) |
| 24:11 | Encolar | Archer |
| 24:11 | Encolar | Villager (Male) |
| 24:16 | Encolar | Archer |
| 24:16 | Encolar | Archer |
| 24:17 | Encolar | Villager (Male) |
| 24:19 | Encolar | Scout Cavalry |
| 24:36 | Construir | Market |
| 24:47 | Construir | Farm |
| 24:49 | Construir | Farm |
| 25:00 | Construir | Farm |
| 25:01 | Construir | Farm |
| 25:34 | Construir | Lumber Camp |
Cronología de la partida
| 3:21 | Istoleyourratings · first_building Barracks |
| 6:16 | OldSlaughter · wall_segment Palisade Wall x4 |
| 9:56 | OldSlaughter · first_building Barracks |
| 11:12 | Istoleyourratings · age_up feudal |
| 11:27 | OldSlaughter · age_up feudal |
| 11:27 | Istoleyourratings · first_building Archery Range |
| 11:34 | OldSlaughter · first_building Archery Range |
| 11:52 | OldSlaughter · wall_segment Palisade Wall x1 |
| 12:52 | OldSlaughter · wall_segment Palisade Wall x1 |
| 12:53 | OldSlaughter · wall_segment Palisade Wall x1 |
| 12:53 | OldSlaughter · wall_segment Palisade Wall x1 |
| 12:55 | OldSlaughter · wall_segment Palisade Wall x1 |
| 20:58 | OldSlaughter · first_building Stable |
| 23:31 | Istoleyourratings · first_market_buy 100 food |
| 24:55 | Istoleyourratings · wall_segment Palisade Wall x2 |
| 24:57 | Istoleyourratings · wall_segment Palisade Wall x8 |
| 25:09 | Istoleyourratings · wall_segment Palisade Wall x10 |
| 25:50 | OldSlaughter · first_market_buy 100 food |
| 25:51 | OldSlaughter · first_market_sell 100 wood |
| 26:12 | Istoleyourratings · age_up castle |
| 26:23 | OldSlaughter · resign |
[ ANÁLISIS IA · 1 CRÉDITO ]
¿Qué pasó realmente en esta partida?
Wolo.gg analiza cada decisión: build order, eco, micro, errores típicos por bracket. Análisis personalizado por WhatsApp o Discord en 30 segundos.
Guía civ
Godos
Perfil
Jugador #18203263